 Dungeon Crawl Stone Soup version 0.28-a0-1510-gd0f6b136d3 (webtiles) character file.

Game seed: 13673293059646117620

254 psuckher the Digger (level 6, -4/33 HPs)
             Began as a Gargoyle Earth Elementalist on Jan 15, 2022.
             Was an Initiate of Kikubaaqudgha.
             Slain by an ogre (25 damage)
             ... on level 4 of the Dungeon.
             The game lasted 00:18:39 (2966 turns).

psuckher the Digger (Gargoyle Earth Elementalist)   Turns: 2966, Time: 00:18:39

Health: -4/33      AC: 10    Str: 11      XL:     6   Next: 15%
Magic:  8/10       EV: 10    Int: 17 (21) God:    Kikubaaqudgha [......]
Gold:   163        SH:  0    Dex: 10      Spells: 5/11 levels left

rFire   . . .      SeeInvis +   j - +7 dagger of Qon Kilu {vorpal, Int+3 SInv}
rCold   . . .      Faith    .   (no shield)
rNeg    + . .      Spirit   .   a - +0 ring mail
rPois   ∞          Reflect  .   (no helmet)
rElec   +          Harm     .   (no cloak)
rCorr   .          Rampage  .   (no gloves)
Will    .....                   (no boots)
Stlth   +.........              g - amulet of regeneration
HPRegen 0.91/turn               (no ring)
MPRegen 0.12/turn               (no ring)

@: no status effects
A: sickness immunity, AC +4, negative energy resistance 1, electricity
resistance, torment resistance 1, petrification resistance
a: Renounce Religion


You were on level 4 of the Dungeon.
You worshipped Kikubaaqudgha.
Kikubaaqudgha was noncommittal.
You visited 1 branch of the dungeon, and saw 4 of its levels.
You visited the Abyss 1 time.

You collected 163 gold pieces.

Inventory:

Hand Weapons
 h - a +1 short sword of distortion
 i - a +4 whip
 j - the +7 dagger of Qon Kilu (weapon) {vorpal, Int+3 SInv}
   (You found it on level 2 of the Dungeon)

   It inflicts extra damage upon your enemies.
   Int:       It affects your intelligence (+3).
   SInv:      It lets you see invisible.
Missiles
 l - 15 stones
Armour
 a - a +0 ring mail (worn)
 b - a +0 robe
 n - a +0 scale mail
Jewellery
 g - an amulet of regeneration (around neck)
Scrolls
 c - a scroll of magic mapping {unknown}
 m - a scroll of vulnerability {unknown}
Potions
 d - a potion of curing
 e - 2 potions of heal wounds {unknown}
 f - a potion of mutation {unknown}
 k - a potion of attraction {unknown}


   Skills:
 + Level 0.6 Fighting
 + Level 1.2 Short Blades
 + Level 2.8 Armour
 + Level 2.3 Dodging
 + Level 2.6 Stealth
 + Level 0.4 Unarmed Combat
 + Level 3.1 Spellcasting
 + Level 0.7 Transmutations
 + Level 4.9 Earth Magic


You had 5 spell levels left.
You knew the following spells:

 Your Spells              Type           Power      Damage    Failure   Level
a - Sandblast             Erth           38%        2d10      5%          1
b - Passwall              Tmut/Erth      10%        N/A       19%         2
c - Stone Arrow           Conj/Erth      22%        3d8       38%         3

Your spell library contained the following spells:

 Spells                   Type           Power      Damage    Failure   Level
 Beastly Appendage        Tmut           10%        N/A       28%         1
 Freeze                   Ice            8%         1d3       36%         1
 Wereblood                Tmut           5%         N/A       41%         2
 Spider Form              Tmut/Pois      3%         N/A       71%         3
 Frozen Ramparts          Ice            4%         1d2       75%         3
 Petrify                  Tmut/Erth      12%        N/A       77%         4
 Hailstorm                Conj/Ice       2%         3d3       98%         4


Dungeon Overview and Level Annotations

Branches:
Dungeon (4/15)
 Temple: D:4-7

Altars:
Fedhas
Kikubaaqudgha


Innate Abilities, Weirdness & Mutations

You are immune to sickness and miasma.
Your stone body is resilient. (AC +4)
You are immune to poison.
You resist negative energy. (rN+)
You are resistant to electric shocks. (rElec)
You are resistant to unholy torment.
You are immune to petrification.


Message History

Press: ? - help, Q - select action, (/) - cycle Shift-Dir - straight line, f/p - gnoll
Aim: a gnoll, wielding a +2 spear of venom (severely wounded, 82% to hit)
The blast of sand hits the gnoll.
You kill the gnoll!
Kikubaaqudgha accepts your kill. The gnoll hits you but does no damage.
Aiming: Sandblast (safe; 5% risk of failure)
Press: ? - help, Q - select action, (/) - cycle Shift-Dir - straight line
Okay, then.
Found an iron wand.
An ogre comes into view. It is wielding a +0 giant club.
The ogre shouts!
The gnoll hits you from afar with a +0 halberd!
The gnoll hits you but does no damage.
A giant cockroach comes into view.
You see here a wand of flame (9).
The gnoll hits you but does no damage. The gnoll barely misses you.
The ogre hits you with a +0 giant club! The gnoll barely misses you.
The gnoll hits you but does no damage.
There are no items here.
Aiming: Sandblast (safe; 5% risk of failure)
Press: ? - help, Q - select action, (/) - cycle Shift-Dir - straight line The blast of sand hits the gnoll!
The gnoll is heavily wounded.
The gnoll closely misses you. The gnoll closely misses you.
The gnoll barely misses you. The gnoll hits you with a +0 whip.
You see here a scroll labelled TOAMEMUMIA.
Aiming: Sandblast (safe; 5% risk of failure)
Press: ? - help, Q - select action, (/) - cycle Shift-Dir - straight line, f - ogre
Aim: an ogre, wielding a +0 giant club (90% to hit)
The blast of sand hits the ogre!
The ogre is heavily wounded.
The gnoll hits you from afar with a +0 spear.
The gnoll hits you with a +0 whip.
The ogre hits you with a +0 giant club!!
Ouch! That really hurt!
You die...
Kikubaaqudgha rasps: "You have failed me!
Welcome... oblivion!"

.....#. #...# .....#..
#...####
.......####..###.#
#.....#........###
##....#....#.....##
###......).g.#......##
#....#..#.##.##.[....#
##..##..#####....#.....
#....O@..###....##...#.
##..##.gg#.###....###...##
#.. #..gg####.....###.....
#..#....#..##...g.###....
#......#...#.......##....
.
#..##........##.......##.
...# ....
#..#..#..###..#......
...##
.#..##..#..#.####..##.###.
..... #......#..........#
..##.


You could see an ogre, 3 gnolls and a goblin.

Vanquished Creatures
  A neqoxec (Abyss:1)
  An ogre (D:4)
  An iguana (D:4)
  5 gnolls
  An adder (D:3)
  A worm (D:3)
  2 dart slugs
  5 orcs (D:3)
  5 ball pythons
  5 endoplasms
  5 giant cockroaches
  5 goblins
  7 hobgoblins
  4 jackals
  5 quokkas
  6 bats
  3 frilled lizards
  6 kobolds
  7 rats
  A spectral hobgoblin (D:3)
76 creatures vanquished.

Vanquished Creatures (others)
  17 plants (D:2)
17 creatures vanquished.

Grand Total: 93 creatures vanquished

Notes
Turn   | Place    | Note
-------+----------+-------------------------------------------
     0 | D:1      | psuckher the Gargoyle Earth Elementalist began the quest
                  | for the Orb.
     0 | D:1      | Reached XP level 1. HP: 10/10 MP: 3/3
    65 | D:1      | You fall into a shaft and drop 1 floor!
   238 | D:1      | Reached XP level 2. HP: 15/15 MP: 3/5
   330 | D:1      | Reached skill level 4 in Earth Magic
   667 | D:1      | Reached XP level 3. HP: 19/19 MP: 6/6
  1019 | D:2      | Learned a level 2 spell: Passwall
  1109 | D:2      | Reached skill level 1 in Armour
  1136 | D:2      | Reached XP level 4. HP: 22/24 MP: 0/7
  1383 | D:2      | Identified the +7 dagger of Qon Kilu {vorpal, Int+3 SInv}
  1923 | D:3      | Learned a level 3 spell: Stone Arrow
  2230 | D:3      | Found a faded altar of an unknown god.
  2242 | D:3      | Prayed at the altar of an unknown god.
  2242 | D:3      | Became a worshipper of Fedhas Madash
  2242 | D:3      | Reached * piety under Fedhas
  2269 | D:3      | Found an ancient bone altar of Kikubaaqudgha.
  2291 | D:3      | Reached XP level 5. HP: 28/28 MP: 9/9
  2295 | D:3      | Fell from the grace of Fedhas
  2295 | D:3      | Became a worshipper of Kikubaaqudgha
  2435 | D:3      | Cast into level 1 of the Abyss (unwielding a weapon of
                  | distortion)
  2456 | Abyss:1  | Noticed a neqoxec
  2470 | Abyss:1  | Killed a neqoxec
  2471 | Abyss:1  | Noticed a thrashing horror
  2482 | D:3      | Escaped the Abyss
  2677 | D:4      | Noticed an ogre
  2704 | D:4      | Killed an ogre
  2705 | D:4      | Reached skill level 1 in Short Blades
  2850 | D:4      | Reached XP level 6. HP: 23/33 MP: 10/10
  2966 | D:4      | Slain by an ogre

Illustrated notes

Levels and vault maps discovered:
D:1:      heliophobic_arrival_ceremonial_halls, layout_loops_ring, serial_glass,
          glass_columns_a, glass_columns_a, glass_columns_a, glass_columns_a
D:2:      layout_loops_ring, nicolae_grassy_gnolls
D:3:      layout_basic, overflow_temple_1_default,
          dreamdust_ecumenical_altar_drowned_temple
D:4:      layout_cave_pools

Skill      XL: |  1  2  3  4  5 |
---------------+----------------+-----
Dodging        | 2 |  2.3
Earth Magic    | 4 |  4.9
Armour         | 1 2 |  2.8
Short Blades   | 1 |  1.2
Spellcasting   | 3 |  3.1
Fighting       | |  0.6
Stealth        | |  2.6
Unarmed Combat | |  0.4
Transmutations | |  0.7

Action                   |  1- 3 |  4- 6 || total
-------------------------+-------+-------++-------
Melee: Unarmed           |    33 |       ||    33
       Punch             |     1 |       ||     1
       Short sword       |     3 |    99 ||   102
       Dagger            |       |    19 ||    19
 Cast: Sandblast         |    38 |    23 ||    61
       Stone Arrow       |       |     1 ||     1
  Use: Scroll            |     1 |       ||     1
       Potion            |       |     1 ||     1
Armor: Ring mail         |    19 |    82 ||   101
Dodge: Dodged            |    37 |    90 ||   127

Table legend: (Time is in decaauts)
 A = Elapsed time spent in this place.
 B = Non-inter-level travel time spent in this place.
 C = Inter-level travel time spent in this place.
 D = Time resting spent in this place.
 E = Time spent auto-exploring this place.
 F = Levels seen in this place.
 G = Mean time per level.
                   A        B        C        D        E       F      G
               +--------+--------+--------+--------+--------+-----+--------+
         Total |   2988 |   2484 |    504 |      0 |      0 |   5 |  597.6 |
       Dungeon |   2942 |   2438 |    504 |      0 |      0 |   4 |  735.5 |
         Abyss |     46 |     46 |      0 |      0 |      0 |   1 |   46.0 |
               +--------+--------+--------+--------+--------+-----+--------+

Top non-repeatable levels by time:
     D:1: 972 daAuts
     D:2: 918 daAuts
     D:3: 748 daAuts
     D:4: 302 daAuts
 Abyss:1: 46 daAuts
